 Dungeon Crawl Stone Soup version 0.30-a0-557-ge2afbf3030 (webtiles) character file.

Game seed: 7856860865613215448

5 Shayle the Conjurer (level 1, -2/12 HPs)
             Began as a Tengu Reaver on Dec 27, 2022.
             Frozen to death by an endoplasm (3 damage)
             ... on level 1 of the Dungeon.
             The game lasted 00:00:37 (308 turns).

Shayle the Conjurer (Tengu Reaver)                   Turns: 308, Time: 00:00:38

Health: -2/12      AC:  3    Str: 12    XL:     1   Next: 80%
Magic:  4/4        EV: 12    Int: 13    God:
Gold:   14         SH:  0    Dex: 12    Spells: 3/4 levels left

rFire   . . .      SeeInvis .    a - +0 spear
rCold   . . .      Faith    .    (no shield)
rNeg    . . .      Spirit   .    b - +0 leather armour
rPois   .          Reflect  .    (helmet restricted)
rElec   .          Harm     .    (no cloak)
rCorr   .          Rampage  .    (no gloves)
Will    .....                    (boots unavailable)
Stlth   +                        (no amulet)
HPRegen 0.22/turn                (no ring)
MPRegen 0.09/turn                (no ring)

@: mighty
A: beak, talons 3
a: no special abilities


You were on level 1 of the Dungeon.
You visited 1 branch of the dungeon, and saw 1 of its levels.

You collected 14 gold pieces.

Inventory:

Hand Weapons
 a - a +0 spear (weapon)
Armour
 b - a +0 leather armour (worn)
Scrolls
 e - a scroll of identify {unknown}
Potions
 d - a potion of curing {unknown}


   Skills:
 + Level 2.1 Fighting
 - Level 3.2 Polearms
 + Level 2.3 Dodging
 + Level 2.1 Spellcasting
 - Level 4.0 Conjurations
 + Level 0.4 Necromancy


You had 3 spell levels left.
You knew the following spells:

 Your Spells              Type           Power      Damage    Failure   Level
a - Kiss of Death         Conj/Necr      28%        2d7       13%         1

Your spell library contained the following spells:

 Spells                   Type           Power      Damage    Failure   Level
 Momentum Strike          Conj/Tloc      12%        3d8       22%         2
 Hailstorm                Conj/Ice       6%         3d4       38%         3


Dungeon Overview and Level Annotations

Branches:
Dungeon (1/15)

Altars:


Innate Abilities, Weirdness & Mutations

You have a beak for a mouth.
You have claws for feet.


Message History

You hit the rat.
You kill the rat!
You see here a rat corpse.
Found a stone staircase leading down.
You see here 5 stones.
You open the door.
There is an open door here.
You now have 14 gold pieces.
A goblin comes into view. It is wielding a +0 club.
The goblin shouts!
An endoplasm comes into view.
The endoplasm quivers.
An endoplasm comes into view.
The endoplasm quivers.
The goblin closely misses you.
You closely miss the goblin. Your kick misses the goblin.
The goblin barely misses you. The endoplasm barely misses you.
You closely miss the goblin. The endoplasm freezes you.
You are frozen.
The goblin barely misses you.
You hit the goblin but do no damage. Your kick misses the goblin.
The endoplasm hits you. The goblin hits you with a +0 club.
* * * LOW HITPOINT WARNING * * *
You hit the goblin but do no damage. You claw the goblin.
You kill the goblin!
The endoplasm hits you but does no damage.
The endoplasm jiggles.
The endoplasm attacks as you move away! The endoplasm barely misses you.
Found a scale mail.
You hit the endoplasm.
You punch the endoplasm, but do no damage.
The endoplasm is severely wounded.
The endoplasm freezes you.
You are frozen.
* * * LOW HITPOINT WARNING * * *
It was a potion of might.
You feel very mighty all of a sudden. The endoplasm freezes you.
You are frozen.
You die...

.......###.... ............# ..
............# .[.
.......)....#####...
....................
..#.................
##........?.......
##......JJ....... .
#......#@.....# ..
#.....############# ##
..#.##.....##..##...##.###.
.........####....###.##.#.####
.........####<.### #..#.#....#
...........##....##.#..##.##..
...........##.(##.#.#.###.####
..#........##### ..##.###.##.
##+###............########...####


You could see 2 endoplasms.

Vanquished Creatures
  2 goblins (D:1)
  A quokka (D:1)
  A ball python (D:1)
  A frilled lizard (D:1)
  A rat (D:1)
6 creatures vanquished.

Notes
Turn   | Place    | Note
-------+----------+-------------------------------------------
     0 | D:1      | Shayle the Tengu Reaver began the quest for the Orb.
     0 | D:1      | Reached XP level 1. HP: 12/12 MP: 4/4
   308 | D:1      | Frozen to death by an endoplasm

Illustrated notes

Levels and vault maps discovered:
D:1:      dpeg_arrival_signposts, layout_basic,
          shapermc_ecumenical_altar_totnotflames, interstate_on_off

Action                   || total
-------------------------++-------
Melee: Spear             ||    25
       Kick              ||     2
       Peck              ||     1
       Punch             ||     1
  Use: Potion            ||     1
Armor: Leather armour    ||     3
Dodge: Dodged            ||    16

Table legend: (Time is in decaauts)
 A = Elapsed time spent in this place.
 B = Non-inter-level travel time spent in this place.
 C = Inter-level travel time spent in this place.
 D = Time resting spent in this place.
 E = Time spent auto-exploring this place.
 F = Levels seen in this place.
 G = Mean time per level.
                   A        B        C        D        E       F      G
               +--------+--------+--------+--------+--------+-----+--------+
         Total |    306 |    306 |      0 |     13 |    227 |   1 |  306.0 |
       Dungeon |    306 |    306 |      0 |     13 |    227 |   1 |  306.0 |
               +--------+--------+--------+--------+--------+-----+--------+

Top non-repeatable levels by time:
     D:1: 306 daAuts
